[Event "Titled Tuesday Blitz June 27 Early 2023"]
[White "Alvarado Diaz, Alejandro"]
[Black "Vifleemskaia, Svetlana"]
[WhiteFideId "2276119"]
[BlackFideId "4129490"]
[WhiteElo "2450"]
[BlackElo "2325"]
[Result "1/2-1/2"]
[Round "9"]
[TimeControl "180+2"]
[Date "2023.06.27"]
[WhiteClock "0:00:08"]
[BlackClock "0:00:28"]
[Board "111"]

1. d4 Nf6 2. c4 e6 3. Nc3 Bb4 4. Nf3 Ne4 5. Qb3 a5 6. Qc2 f5 7. Nd2 Nxc3 8. bxc3 Be7 9. e4 fxe4 10. Nxe4 O-O 11. Bd3 g6 12. O-O Nc6 13. Bh6 Rf7 14. f4 Bf8 15. Bg5 Be7 16. d5 Nb8 17. Bh6 Bf8 18. Bg5 Be7 19. Rae1 exd5 20. cxd5 d6 21. h4 Bf5 22. h5 Nd7 23. Ng3 Bxg5 24. fxg5 Qxg5 25. Nxf5 gxf5 26. Bxf5 Nc5 27. Be6 Nxe6 28. dxe6 Rxf1+ 29. Rxf1 Re8 30. Qe4 Qc5+ 31. Kh1 Qxh5+ 32. Kg1 Qc5+ 33. Kh1 Qh5+ 34. Kg1 Qc5+ 35. Kh1 Qh5+ 1/2-1/2


[Site "https://www.chess.com"]

[Event "Titled Tuesday Blitz June 27 Early 2023"]
[White "Eidelman, Gabriel"]
[Black "Osinovsky, Stepan"]
[WhiteFideId "30910544"]
[BlackFideId "4157354"]
[WhiteElo "2436"]
[BlackElo "2317"]
[Result "1-0"]
[Round "9"]
[TimeControl "180+2"]
[Date "2023.06.27"]
[WhiteClock "0:00:12"]
[BlackClock "0:00:00"]
[Board "112"]

1. Nf3 Nf6 2. c4 g6 3. Nc3 Bg7 4. g3 O-O 5. Bg2 Re8 6. O-O e5 7. e4 Nc6 8. d3 Nd4 9. Nxd4 exd4 10. Ne2 c6 11. Nxd4 d5 12. cxd5 cxd5 13. Nb5 Bg4 14. Qc2 Rc8 15. Qb1 dxe4 16. dxe4 Be2 17. Nxa7 Bxf1 18. Bxf1 Ra8 19. Be3 Nxe4 20. Bg2 Nd2 21. Qc2 Rxe3 22. fxe3 Rxa7 23. Rd1 Rxa2 24. Rxd2 Ra1+ 25. Kf2 Qf6+ 26. Bf3 Bf8 27. Qc8 Kg7 28. Kg2 b6 29. Rf2 Ra7 30. Bd5 Qe5 31. Qc4 Qxe3 32. Bxf7 Rxf7 33. Qxf7+ Kh6 34. Qxf8+ Kh5 35. Qf3+ 1-0


[Site "https://www.chess.com"]

[Event "Titled Tuesday Blitz June 27 Early 2023"]
[White "Vaglio Munoz, Jaime"]
[Black "Begunov, Konstantin"]
[WhiteFideId "6500145"]
[BlackFideId "4118510"]
[WhiteElo "2306"]
[BlackElo "2432"]
[Result "0-1"]
[Round "9"]
[TimeControl "180+2"]
[Date "2023.06.27"]
[WhiteClock "0:00:22"]
[BlackClock "0:00:24"]
[Board "113"]

1. Nf3 d5 2. c4 c6 3. b3 Bg4 4. Bb2 Bxf3 5. exf3 e6 6. g3 Nf6 7. f4 g6 8. Bg2 Bg7 9. O-O O-O 10. d3 Nbd7 11. Re1 Qc7 12. Nd2 Rfe8 13. Nf3 Ng4 14. Bxg7 Kxg7 15. h3 Ngf6 16. Ne5 Nxe5 17. fxe5 Nd7 18. f4 dxc4 19. dxc4 Rad8 20. Qf3 Nc5 21. Kh2 Rd3 22. Qf2 Qa5 23. Re2 Red8 24. Rae1 Rd2 25. Rxd2 Rxd2 26. Re2 Rxe2 27. Qxe2 Qc3 28. h4 h5 29. Qf2 Qb4 30. Qc2 a5 31. Kg1 a4 32. bxa4 Nxa4 33. Bf1 Qa3 34. Qb3 Qxb3 35. axb3 Nc5 36. b4 Na6 37. b5 cxb5 38. cxb5 Nc5 39. Kf2 Kf8 40. Ke3 Ke7 41. Kd4 b6 42. Bg2 Kd7 43. Bc6+ Kd8 44. Kc4 Na4 45. Kd3 Ke7 46. Kd4 Nc5 47. Kc4 f6 48. exf6+ Kxf6 49. Be8 Nb7 50. Kd4 Nd6 51. Bc6 Nf5+ 52. Kd3 Nxg3 53. Ke3 Nf5+ 54. Kf3 Nxh4+ 55. Kg3 Nf5+ 56. Kf3 Nd4+ 57. Ke4 Nxc6 58. bxc6 Ke7 59. Ke5 h4 60. c7 Kd7 61. Kf6 h3 62. Kxg6 h2 63. Kf6 h1=Q 64. c8=Q+ Kxc8 65. Kxe6 Qe4+ 66. Kd6 Qxf4+ 67. Kc6 Qb4 68. Kd5 Qc5+ 69. Ke4 b5 0-1


[Site "https://www.chess.com"]

[Event "Titled Tuesday Blitz June 27 Early 2023"]
[White "Omariev, Maksim"]
[Black "Rodriguez Santiago, Jaime"]
[WhiteFideId "4193423"]
[BlackFideId "3100898"]
[WhiteElo "2426"]
[BlackElo "2285"]
[Result "0-1"]
[Round "9"]
[TimeControl "180+2"]
[Date "2023.06.27"]
[WhiteClock "0:00:03"]
[BlackClock "0:00:42"]
[Board "114"]

1. e4 c6 2. Nc3 d5 3. Nf3 dxe4 4. Nxe4 Nf6 5. Nxf6+ exf6 6. d4 Bd6 7. Bd3 O-O 8. Be3 Re8 9. h3 Nd7 10. Qd2 Nf8 11. O-O-O Be6 12. Kb1 b5 13. Rhe1 a5 14. Bf4 a4 15. Bxd6 Qxd6 16. a3 Qd5 17. c3 Qa2+ 18. Kc1 Qa1+ 19. Bb1 Bf5 20. Qc2 Bxc2 21. Kxc2 Ng6 22. g3 Kf8 23. Nd2 Rxe1 24. Rxe1 Re8 25. Rxe8+ Kxe8 26. Ne4 Ke7 27. h4 Nf8 28. Nc5 Ne6 29. Nd3 Nd8 30. f3 Nb7 31. h5 Na5 32. g4 Nc4 33. Kc1 Nxb2 34. Nxb2 Qxa3 35. Be4 Qxc3+ 36. Kb1 a3 37. Nd3 b4 38. Nc5 Qb2# 0-1


[Site "https://www.chess.com"]

[Event "Titled Tuesday Blitz June 27 Early 2023"]
[White "Herman, Daniel"]
[Black "Zampronha, Wladimir Camilo"]
[WhiteFideId "30935008"]
[BlackFideId "2103087"]
[WhiteElo "2420"]
[BlackElo "2263"]
[Result "1-0"]
[Round "9"]
[TimeControl "180+2"]
[Date "2023.06.27"]
[WhiteClock "0:00:09"]
[BlackClock "0:00:08"]
[Board "115"]

1. c4 Nf6 2. Nc3 e6 3. e4 c5 4. Nf3 Nc6 5. d4 cxd4 6. Nxd4 Bb4 7. Nxc6 bxc6 8. Bd3 e5 9. O-O O-O 10. Bg5 h6 11. Bh4 g5 12. Bg3 d6 13. Qc2 Qe7 14. a3 Bc5 15. b4 Bd4 16. Rad1 Be6 17. Ne2 Bb6 18. Kh1 Kg7 19. f3 Nh5 20. Be1 Nf4 21. Nxf4 gxf4 22. Bc3 f6 23. g3 Be3 24. Bd2 Bh3 25. Rg1 Bxg1 26. Rxg1 Kh7 27. gxf4 Rg8 28. Rg3 Rxg3 29. hxg3 Be6 30. f5 Bf7 31. Be3 Rg8 32. Qh2 h5 33. g4 d5 34. cxd5 cxd5 35. exd5 Qc7 36. Bc5 Kg7 37. g5 fxg5 38. d6 Qc6 39. Qxe5+ Kh6 40. Be4 Qa4 41. Qf6+ Bg6 42. fxg6 Qd1+ 43. Kg2 Qd2+ 44. Bf2 Qf4 45. Qxf4 gxf4 46. Bh4 Rg7 47. Be7 1-0


[Site "https://www.chess.com"]

[Event "Titled Tuesday Blitz June 27 Early 2023"]
[White "Li, Eric"]
[Black "Szyszylo, Rafal"]
[WhiteFideId "30939941"]
[BlackFideId "1109626"]
[WhiteElo "2257"]
[BlackElo "2394"]
[Result "1-0"]
[Round "9"]
[TimeControl "180+2"]
[Date "2023.06.27"]
[WhiteClock "0:01:07"]
[BlackClock "0:00:00"]
[Board "116"]

1. e4 d6 2. d4 Nf6 3. f3 g6 4. c4 c6 5. Nc3 Nbd7 6. Be3 Bg7 7. Qd2 e5 8. d5 cxd5 9. cxd5 O-O 10. Bd3 Nc5 11. Bc2 Nh5 12. Nge2 f5 13. exf5 gxf5 14. O-O b6 15. b4 Nd7 16. f4 Qe7 17. Rae1 Qf6 18. Nb5 Ba6 19. Nc7 Bxe2 20. Qxe2 Rac8 21. Ne6 exf4 22. Qxh5 fxe3 23. Bxf5 Qh6 24. Qxh6 Bxh6 25. Nxf8 Rxf8 26. Bxd7 Rd8 27. Be6+ Kh8 28. Rf7 a5 29. Bf5 Bg5 30. Rxh7+ Kg8 31. bxa5 bxa5 32. Rh5 Bf4 33. g3 Be5 34. Kg2 Bd4 35. Be6+ Kg7 36. Rh4 Bc5 37. Re4 Kf6 38. Rf1+ Kg6 39. Rf7 Rb8 40. Rf3 Rb2+ 41. Kh3 Rxa2 42. Rg4+ Kh5 43. Rf7 Kh6 44. Bf5 1-0


[Site "https://www.chess.com"]

[Event "Titled Tuesday Blitz June 27 Early 2023"]
[White "Glavina, Pablo"]
[Black "Balint, Vilmos"]
[WhiteFideId "100234"]
[BlackFideId "718050"]
[WhiteElo "2373"]
[BlackElo "2238"]
[Result "1-0"]
[Round "9"]
[TimeControl "180+2"]
[Date "2023.06.27"]
[WhiteClock "0:01:00"]
[BlackClock "0:02:11"]
[Board "117"]

1. c4 Nf6 2. Nc3 e6 3. e4 d6 4. d4 Be7 5. Nf3 O-O 6. Be2 Nc6 7. O-O e5 8. d5 Nb8 9. b4 a5 10. Ba3 axb4 11. Bxb4 Na6 12. Ba3 Ne8 13. Ne1 f5 14. Nd3 f4 15. c5 g5 16. cxd6 Bxd6 17. Bxd6 cxd6 18. Bg4 Nf6 19. Bxc8 Qxc8 20. Rc1 Qd7 21. Qb3 Rfc8 22. Rb1 Rxc3 23. Qxc3 Nxe4 24. Qc4 Nd2 25. Qb5 Qxb5 26. Rxb5 Nxf1 27. Kxf1 Ra7 28. Rb6 Nc7 29. Rxd6 Rxa2 30. Rd8+ Kf7 31. Rd7+ Kf6 32. Rxc7 e4 33. Nc5 f3 34. Nxe4+ Ke5 35. gxf3 Kf4 1-0


[Site "https://www.chess.com"]

[Event "Titled Tuesday Blitz June 27 Early 2023"]
[White "Tuleyeva-Aketayeva, Dana"]
[Black "Tarasova, Viktoriya"]
[WhiteFideId "13701932"]
[BlackFideId "4175840"]
[WhiteElo "2232"]
[BlackElo "2364"]
[Result "1/2-1/2"]
[Round "9"]
[TimeControl "180+2"]
[Date "2023.06.27"]
[WhiteClock "0:00:18"]
[BlackClock "0:00:13"]
[Board "118"]

1. d4 Nf6 2. Nf3 e6 3. g3 b6 4. Bg2 Bb7 5. O-O c5 6. c3 cxd4 7. cxd4 d5 8. Nc3 Be7 9. Qa4+ Bc6 10. Qd1 O-O 11. Ne5 Bb7 12. b3 Nbd7 13. Bb2 Rc8 14. Rc1 Nxe5 15. dxe5 Nd7 16. Nb5 a6 17. Nd4 Nc5 18. b4 Ne4 19. a3 a5 20. b5 Qd7 21. Bxe4 dxe4 22. Nc6 Bxc6 23. bxc6 Qc7 24. Qd4 Bc5 25. Qxe4 Qxc6 26. Qxc6 Rxc6 27. e3 Rfc8 28. Rfd1 h6 29. Rc2 Be7 30. Rxc6 Rxc6 31. Rd7 Bc5 32. Rd8+ Kh7 33. a4 Kg6 34. Rb8 Rc7 35. Kg2 Rd7 36. Kf3 Rd2 37. Bc3 Ra2 38. Bd4 Bxd4 39. exd4 Rxa4 40. Rxb6 Rxd4 41. Rb5 Ra4 42. Kg2 Ra2 43. g4 a4 44. Ra5 Kg5 45. h3 Kf4 46. Ra7 Kxe5 47. Rxf7 g6 48. Ra7 a3 49. Ra4 Ra1 50. Kh2 a2 51. Kg2 Kd5 52. Ra3 Kc4 53. Ra6 e5 54. Ra7 Kd4 55. Ra4+ Kd5 56. Ra5+ Ke6 57. Ra6+ Kf7 58. Ra5 Kf6 59. Ra6+ Kg5 60. Ra4 e4 61. Ra5+ Kf4 62. Ra4 g5 63. Ra6 Ke5 64. Ra5+ Kd4 65. Ra4+ Kd3 66. Ra3+ Kd2 67. Ra5 Kd3 68. Ra3+ Kd2 69. Ra4 e3 70. fxe3 Kxe3 71. Ra3+ Ke2 72. Ra4 Kd2 73. Ra5 Kc2 74. Rc5+ Kb3 75. Ra5 Kb4 76. Ra8 Kb3 77. Rb8+ Kc3 78. Rc8+ Kd4 79. Rd8+ Ke5 80. Re8+ Kf4 81. Ra8 Ke3 82. Ra3+ Kd2 83. Ra7 Kc1 84. Rc7+ Kb1 85. Rb7+ Kc2 86. Rc7+ Kd3 87. Rd7+ Ke4 88. Re7+ Kf4 89. Ra7 Ke5 90. Ra5+ Kf6 91. Ra6+ Kf7 92. Ra7+ Ke6 93. Ra6+ Ke5 94. Ra5+ Kd4 95. Ra4+ Kc3 96. Ra8 Kb3 97. Rb8+ Kc2 98. Rc8+ Kd3 99. Rd8+ Ke4 100. Re8+ Kf4 101. Rf8+ Ke5 102. Re8+ Kf6 103. Ra8 Kg6 104. Ra5 h5 105. Ra6+ Kg7 106. gxh5 Kh7 107. Ra5 Kh6 108. Ra6+ Kxh5 109. Ra4 Kg6 110. Ra5 Kh5 111. Ra4 Kg6 112. Ra5 Kh5 113. Ra4 1/2-1/2


[Site "https://www.chess.com"]

[Event "Titled Tuesday Blitz June 27 Early 2023"]
[White "Ho, In Hei Henry"]
[Black "Nithyalakshmi, Sivanesan"]
[WhiteFideId "6002552"]
[BlackFideId "5706955"]
[WhiteElo "2039"]
[BlackElo "2353"]
[Result "0-1"]
[Round "9"]
[TimeControl "180+2"]
[Date "2023.06.27"]
[WhiteClock "0:00:00"]
[BlackClock "0:00:18"]
[Board "119"]

1. e4 e6 2. d4 d5 3. e5 Bd7 4. Nf3 a6 5. Bd3 Bb5 6. c3 Bxd3 7. Qxd3 Nd7 8. O-O h6 9. c4 Ne7 10. Nc3 c6 11. Bd2 Nf5 12. Rac1 dxc4 13. Qxc4 Nb6 14. Qd3 g5 15. Ne4 Be7 16. Ba5 g4 17. d5 Qxd5 18. Qxd5 Nxd5 19. Nfd2 Nd4 20. Rfe1 b6 21. Bc3 c5 22. Nc4 b5 23. Ncd6+ Bxd6 24. Nxd6+ Ke7 25. Bxd4 cxd4 26. Re4 f6 27. Rxg4 fxe5 28. Ne4 Rhg8 29. Rh4 Rg6 30. Kf1 Rag8 31. g3 Rf8 32. Ke2 Kd7 33. Nc5+ Kd6 34. Nxa6 Ra8 35. Nc5 Rxa2 36. Ne4+ Ke7 37. Rc2 d3+ 38. Kxd3 Nb4+ 39. Kc3 Nxc2 40. Kxc2 Ra4 41. f3 Rd4 42. Rh5 Kd7 43. Rxe5 Rd5 44. Rxd5+ exd5 45. Nc3 Kc6 46. Kd3 Rf6 47. f4 Re6 48. Kd4 Re1 0-1


[Site "https://www.chess.com"]

[Event "Titled Tuesday Blitz June 27 Early 2023"]
[White "Orlov, Georgi"]
[Black "Gyulamiryan-koryun"]
[WhiteFideId "2011271"]
[WhiteElo "2576"]
[BlackElo "2053"]
[Result "0-1"]
[Round "9"]
[TimeControl "180+2"]
[Date "2023.06.27"]
[WhiteClock "0:00:16"]
[BlackClock "0:00:05"]
[Board "120"]

1. Nf3 d5 2. c4 c6 3. d4 Nf6 4. Nc3 e6 5. e3 Nbd7 6. Bd3 dxc4 7. Bxc4 b5 8. Bd3 Bd6 9. e4 e5 10. Bg5 h6 11. Bh4 O-O 12. O-O Bb7 13. Bg3 Qe7 14. Rc1 Rac8 15. Ne2 a6 16. dxe5 Nxe5 17. Nxe5 Bxe5 18. f4 Bxb2 19. Rc2 Ba3 20. e5 Nd5 21. Rf3 Bc5+ 22. Bf2 Bxf2+ 23. Kxf2 c5 24. Be4 Rfd8 25. Rd2 Nb6 26. Bxb7 Rxd2 27. Qxd2 Qxb7 28. Nc3 Nc4 29. Qe2 Rd8 30. Kg3 Rd2 31. Qe1 Qd7 32. Ne4 Rd5 33. Qf2 Qc6 34. Kh3 Rd4 35. Ng3 Nd2 36. Re3 Ne4 37. Rxe4 Rxe4 38. Qf3 Qd7+ 39. f5 Rxe5 40. Qa8+ Kh7 41. Qxa6 g6 42. Qf6 Qe7 43. Qc6 gxf5 44. Nh5 Re3+ 45. g3 Re6 46. Qxb5 Qg5 47. Nf4 Qg4+ 48. Kg2 Re5 49. Qc4 Re7 50. a4 Qg5 51. a5 Kg7 52. Qxc5 Re4 53. Qc3+ Qf6 54. Qd2 Rd4 55. Nh5+ Kg6 56. Nxf6 Rxd2+ 57. Kf3 Kxf6 58. Ke3 Ra2 59. Kd4 Rxa5 60. Kc4 Ra2 61. Kb3 Rxh2 62. Kc4 Rg2 0-1


[Site "https://www.chess.com"]

[Event "Titled Tuesday Blitz June 27 Early 2023"]
[White "Adireddy Arjun"]
[Black "kuanysh1981"]
[WhiteFideId "25647709"]
[WhiteElo "2325"]
[BlackElo "2506"]
[Result "1-0"]
[Round "9"]
[TimeControl "180+2"]
[Date "2023.06.27"]
[WhiteClock "0:00:03"]
[BlackClock "0:00:06"]
[Board "121"]

1. e4 e5 2. Nf3 d6 3. d4 exd4 4. Nxd4 Nf6 5. Nc3 Be7 6. Be2 O-O 7. O-O a6 8. a4 Re8 9. Re1 Nbd7 10. Bf4 Nf8 11. Bg3 Ng6 12. Bc4 Ne5 13. Ba2 c6 14. f4 Ng6 15. e5 dxe5 16. fxe5 Nd5 17. Nxd5 cxd5 18. c3 Be6 19. Kh1 Bc5 20. Qd3 Qg5 21. Nf3 Qg4 22. Bxd5 Rad8 23. c4 h5 24. Bxe6 Qxe6 25. Qe4 f5 26. Qxb7 f4 27. Bh4 Nxh4 28. Nxh4 Bf2 29. Nf3 Bxe1 30. Rxe1 Qxc4 31. h3 Rb8 32. Qe4 Qxe4 33. Rxe4 Rxb2 34. Rxf4 a5 35. Rf5 Rb4 36. Rxh5 Rxa4 37. Kh2 Ra2 38. Rh4 a4 39. Re4 a3 40. Ra4 Kf7 41. Ra6 Ra1 42. Ng5+ Kg8 43. e6 a2 44. Ra7 Kh8 45. Kg3 Rb8 46. Kh4 Kg8 47. e7 Re8 48. g4 Re1 49. Rxa2 R1xe7 50. Rf2 Rf8 51. Rb2 Rf6 52. Kg3 Re3+ 53. Kg2 Rf8 54. Rb7 Rfe8 55. Rb6 Re2+ 56. Kg3 R8e3+ 57. Kh4 Re8 58. Rb7 R2e7 59. Rb6 Kf8 60. Rg6 Re5 61. Rd6 Ke7 62. Rg6 Kf8 63. Nh7+ Kf7 64. Ra6 R5e7 65. Ng5+ Kg8 66. Kh5 Re5 67. h4 Rf8 68. Ra7 Rf6 69. Ra8+ Rf8 70. Ra6 Rd5 71. Kg6 Rd7 72. Kh5 Re7 73. Kg6 Ree8 74. h5 Rf6+ 75. Rxf6 gxf6 76. Kxf6 Rf8+ 77. Kg6 Ra8 78. Ne6 Ra6 79. Kf6 Ra1 80. g5 Rf1+ 81. Kg6 Re1 82. Nf4 Rf1 83. Nd5 Rd1 84. Nf6+ Kh8 85. Kf7 Rd8 86. h6 Rf8+ 87. Kg6 Rd8 88. Kh5 Rd6 89. Kg4 Rd4+ 90. Kf5 Ra4 91. g6 Ra7 92. Kg5 Ra5+ 93. Kf4 Ra6 94. Ke5 Ra5+ 95. Nd5 Ra7 96. Kf6 Kg8 97. Ne7+ Kf8 98. g7+ Ke8 99. g8=Q+ Kd7 100. Qe6+ Ke8 101. Nd5+ Kf8 102. Qc8# 1-0


[Site "https://www.chess.com"]

[Event "Titled Tuesday Blitz June 27 Early 2023"]
[White "Lehtosaari, Mauri"]
[Black "Wang, Alexander J"]
[WhiteFideId "501999"]
[BlackFideId "30955270"]
[WhiteElo "2483"]
[BlackElo "2313"]
[Result "1-0"]
[Round "9"]
[TimeControl "180+2"]
[Date "2023.06.27"]
[WhiteClock "0:00:46"]
[BlackClock "0:00:00"]
[Board "122"]

1. d4 d5 2. f4 Nf6 3. Nf3 e6 4. Be3 Nbd7 5. Nbd2 b6 6. Bf2 Bb7 7. Bh4 Bd6 8. e3 c5 9. g3 h6 10. c3 Rg8 11. Bxf6 Nxf6 12. Bb5+ Ke7 13. Ne5 Qc7 14. Qe2 a6 15. Ba4 b5 16. Bc2 c4 17. e4 Nd7 18. exd5 Bxd5 19. Be4 Nb6 20. O-O Bxe5 21. fxe5 Qc6 22. Rae1 Rgf8 23. Qg4 g5 24. Qh5 Bxe4 25. Nxe4 Nd5 26. Nd6 Nf4 27. gxf4 gxf4 28. Qh4+ Kd7 29. Kf2 Rg8 30. Rg1 Qd5 31. Qxf4 1-0


[Site "https://www.chess.com"]

[Event "Titled Tuesday Blitz June 27 Early 2023"]
[White "Clawitter, Craig"]
[Black "Rios Escobar, Adan"]
[WhiteFideId "2023105"]
[BlackFideId "3403645"]
[WhiteElo "2223"]
[BlackElo "2425"]
[Result "1-0"]
[Round "9"]
[TimeControl "180+2"]
[Date "2023.06.27"]
[WhiteClock "0:00:13"]
[BlackClock "0:00:08"]
[Board "124"]

1. e4 c5 2. Nf3 d6 3. d4 cxd4 4. Nxd4 Nf6 5. Nc3 a6 6. Be3 e5 7. Nb3 Be7 8. f3 Be6 9. Qd2 h5 10. Be2 Nbd7 11. Nd5 Bxd5 12. exd5 Nb6 13. c4 Rc8 14. Na5 Nxc4 15. Nxc4 Nd7 16. O-O O-O 17. Rac1 f5 18. Na5 Rxc1 19. Rxc1 f4 20. Bf2 e4 21. fxe4 f3 22. Bxf3 Bg5 23. Be3 Bxe3+ 24. Qxe3 Qxa5 25. Bxh5 Ne5 26. a3 Qd8 27. b4 Qh4 28. Be2 Rf4 29. Rc8+ Kf7 30. Rc7+ Ke8 31. g3 Rxe4 32. Qf2 Qf6 33. Qxf6 gxf6 34. Bh5+ Kd8 35. Rxb7 Re3 36. Rb6 Kc7 37. Rxa6 Rd3 38. Be2 Rxd5 39. b5 Rd2 40. b6+ Kb7 41. Kf1 Rxe2 42. Ra7+ Kxb6 43. Kxe2 Kxa7 44. h4 Kb6 45. Ke3 Kc5 46. h5 d5 47. h6 d4+ 48. Kd2 Ng6 49. h7 Kc4 50. a4 Kb4 51. Kd3 Kc5 52. a5 Kb5 53. Kxd4 Kxa5 54. Kd5 Kb6 55. Ke6 Kc6 56. Kxf6 Nh8 57. Kg7 Kd6 58. Kxh8 Ke6 59. Kg7 Kf5 60. h8=Q Kg4 61. Qh4+ Kf3 62. Qf4+ Kg2 63. g4 Kh3 64. g5 Kg2 65. g6 Kh3 66. Kf7 Kg2 67. g7 Kh3 68. Kf8 Kg2 69. g8=Q+ Kh1 70. Qh6# 1-0


[Site "https://www.chess.com"]

[Event "Titled Tuesday Blitz June 27 Early 2023"]
[White "Grossboss19"]
[Black "Sarkar, Justin"]
[BlackFideId "2010011"]
[WhiteElo "2399"]
[BlackElo "2280"]
[Result "1-0"]
[Round "9"]
[TimeControl "180+2"]
[Date "2023.06.27"]
[WhiteClock "0:01:35"]
[BlackClock "0:00:16"]
[Board "125"]

1. d4 Nf6 2. Nc3 d5 3. Bf4 a6 4. e3 e6 5. Bd3 c5 6. dxc5 Bxc5 7. Nf3 O-O 8. O-O b5 9. a3 Bb7 10. Re1 Nbd7 11. b4 Ba7 12. a4 bxa4 13. Nxa4 Re8 14. Ne5 Nxe5 15. Bxe5 Nd7 16. Bb2 e5 17. c4 dxc4 18. Bxc4 Nb6 19. Nxb6 Qxb6 20. Qd7 Rf8 21. Bxe5 Rad8 22. Qg4 Qh6 23. Bxa6 1-0


[Site "https://www.chess.com"]

[Event "Titled Tuesday Blitz June 27 Early 2023"]
[White "Nilssen, Ellen Fredericia"]
[Black "FuenfgegenWilly"]
[WhiteFideId "1441230"]
[WhiteElo "2223"]
[BlackElo "2392"]
[Result "0-1"]
[Round "9"]
[TimeControl "180+2"]
[Date "2023.06.27"]
[WhiteClock "0:00:01"]
[BlackClock "0:00:54"]
[Board "126"]

1. Nf3 f5 2. b3 d6 3. d4 Nf6 4. Bb2 g6 5. g3 Bg7 6. Bg2 O-O 7. O-O Ne4 8. Nbd2 Nxd2 9. Qxd2 Nc6 10. c4 e5 11. d5 Ne7 12. Ng5 h6 13. Ne6 Bxe6 14. dxe6 c6 15. Rad1 Nc8 16. Ba3 Rf6 17. Bxd6 Rxe6 18. Ba3 Qe8 19. Qd7 Qf7 20. Qxf7+ Kxf7 21. Rd7+ Ne7 22. Rxb7 Rd8 23. Rxa7 e4 24. Bc5 Rd2 25. Be3 Rxe2 26. Rd1 g5 27. Bf1 Rb2 28. Rdd7 Rb1 29. Bc5 Bf6 30. Kg2 f4 31. gxf4 gxf4 32. Bxe7 Bxe7 33. Be2 f3+ 34. Bxf3 exf3+ 35. Kxf3 Kf6 36. Ra8 Bc5 37. Rh8 Ke5 38. Rd3 Rf6+ 39. Kg4 Rg1+ 40. Kh3 Rf5 41. Rxh6 Bxf2 42. Rh8 Ke4 43. Rg3 Bxg3 44. hxg3 Rh1+ 45. Kg2 Rxh8 0-1


[Site "https://www.chess.com"]

[Event "Titled Tuesday Blitz June 27 Early 2023"]
[White "KSho99"]
[Black "Buscar, Michael"]
[BlackFideId "2603616"]
[WhiteElo "2217"]
[BlackElo "2384"]
[Result "0-1"]
[Round "9"]
[TimeControl "180+2"]
[Date "2023.06.27"]
[WhiteClock "0:00:01"]
[BlackClock "0:01:29"]
[Board "127"]

1. d4 d5 2. Nc3 Bf5 3. f3 e6 4. e4 dxe4 5. fxe4 Bg6 6. Nf3 Bb4 7. Bd3 Nf6 8. Qe2 Nc6 9. a3 Ba5 10. d5 exd5 11. exd5+ Ne7 12. Bb5+ c6 13. dxc6 O-O 14. cxb7 Rb8 15. O-O Rxb7 16. Bg5 Bxc3 17. bxc3 Qb6+ 18. Nd4 Nf5 19. Rab1 Nxd4 20. cxd4 Qxd4+ 21. Kh1 Ne4 22. Be3 Qe5 23. Qf3 Rxb5 24. Bf4 Qc5 0-1


[Site "https://www.chess.com"]

[Event "Titled Tuesday Blitz June 27 Early 2023"]
[White "Barbot, Pierre"]
[Black "Sariego Figueredo, Wilfredo"]
[WhiteFideId "663727"]
[BlackFideId "3500080"]
[WhiteElo "2377"]
[BlackElo "2214"]
[Result "1-0"]
[Round "9"]
[TimeControl "180+2"]
[Date "2023.06.27"]
[WhiteClock "0:00:44"]
[BlackClock "0:00:38"]
[Board "128"]

1. d4 d5 2. Nf3 Nf6 3. Bf4 e6 4. e3 Bd6 5. Nbd2 O-O 6. Bd3 c5 7. c3 Qc7 8. Bg5 Nbd7 9. O-O c4 10. Bc2 e5 11. e4 exd4 12. cxd4 dxe4 13. Nxe4 Nxe4 14. Bxe4 h6 15. Bh4 Rb8 16. Rc1 b5 17. Re1 Bb7 18. d5 Nc5 19. Bf5 Rfe8 20. Qd4 g6 21. Bb1 Bf4 22. Rcd1 Qd6 23. Bf6 Rxe1+ 24. Rxe1 Qxd5 25. Qxf4 1-0


[Site "https://www.chess.com"]

[Event "Titled Tuesday Blitz June 27 Early 2023"]
[White "campochess"]
[Black "Sovetbekova, Nurai"]
[BlackFideId "13801910"]
[WhiteElo "2172"]
[BlackElo "2349"]
[Result "0-1"]
[Round "9"]
[TimeControl "180+2"]
[Date "2023.06.27"]
[WhiteClock "0:00:23"]
[BlackClock "0:00:15"]
[Board "129"]

1. Nc3 d5 2. d4 Nf6 3. Bf4 Bf5 4. e3 e6 5. h3 c5 6. Nf3 Nc6 7. Be2 Be7 8. O-O O-O 9. a3 Rc8 10. Ne5 Ne4 11. Nxc6 Rxc6 12. Nxe4 Bxe4 13. Bd3 Bxd3 14. Qxd3 cxd4 15. exd4 Qb6 16. Rab1 Bf6 17. c3 Qb3 18. Qd1 Qb6 19. Re1 Rfc8 20. Qf3 Qb3 21. Qd1 Qc4 22. Qe2 b5 23. Qxc4 bxc4 24. Rbc1 Rb6 25. Rc2 Rb3 26. Ree2 h6 27. g4 Kf8 28. Kg2 Ke7 29. Bg3 h5 30. f4 hxg4 31. hxg4 g6 32. f5 gxf5 33. gxf5 Rg8 34. Kf3 Bxd4 35. fxe6 fxe6 36. Rcd2 Bxc3 37. Rxd5 Bf6+ 38. Kf2 Rgxg3 39. Ra5 Rbf3+ 40. Ke1 Rg1+ 41. Kd2 Rd3+ 42. Kc2 Rd7 43. Ra6 e5 44. Rf2 Rg6 45. Rh2 Rb7 46. Rh7+ Rg7 47. Rh6 Rg2+ 48. Kd1 Rbxb2 49. Rxa7+ Ke6 50. Ra6+ Kd5 51. Kc1 Bg5+ 52. Kd1 Rb1# 0-1


[Site "https://www.chess.com"]

[Event "Titled Tuesday Blitz June 27 Early 2023"]
[White "Fajdetic, Hrvoje"]
[Black "Ishowmoves57"]
[WhiteFideId "14501945"]
[WhiteElo "2344"]
[BlackElo "2095"]
[Result "0-1"]
[Round "9"]
[TimeControl "180+2"]
[Date "2023.06.27"]
[WhiteClock "0:00:00"]
[BlackClock "0:00:23"]
[Board "130"]

1. b3 d5 2. Bb2 Nf6 3. f4 e6 4. Nf3 Bd6 5. e3 O-O 6. Be2 c5 7. d3 Nc6 8. O-O Qc7 9. Bxf6 gxf6 10. Nc3 f5 11. Nb5 Qd8 12. Nxd6 Qxd6 13. Qe1 b6 14. Qh4 Qe7 15. Qh6 f6 16. Kh1 Qg7 17. Qh4 Kh8 18. Rg1 e5 19. Rae1 Bd7 20. h3 e4 21. Nh2 d4 22. Bd1 Rae8 23. g4 fxg4 24. Nxg4 f5 25. Nf2 Qe7 26. Qxe7 Rxe7 27. dxe4 fxe4 28. exd4 Rxf4 29. d5 Rxf2 30. dxc6 Bxc6 31. Re3 Rd7 32. Bg4 Rdd2 33. Rge1 Rxc2 34. a3 Rb2 35. Bf5 Rxf5 36. a4 Rff2 37. a5 bxa5 38. Rc1 Rbc2 39. Rxc2 Rxc2 40. h4 Rd2 41. Kg1 Rd3 42. Re2 e3 43. Rc2 Rd1+ 44. Kh2 Rd2+ 0-1


[Site "https://www.chess.com"]

[Event "Titled Tuesday Blitz June 27 Early 2023"]
[White "Alexanian, Nelli"]
[Black "Ng, Clive"]
[WhiteFideId "4170539"]
[BlackFideId "3214869"]
[WhiteElo "1974"]
[BlackElo "2340"]
[Result "1-0"]
[Round "9"]
[TimeControl "180+2"]
[Date "2023.06.27"]
[WhiteClock "0:00:04"]
[BlackClock "0:00:00"]
[Board "131"]

1. e4 c5 2. b4 cxb4 3. a3 d5 4. e5 Nc6 5. d4 Bf5 6. g4 Be4 7. f3 Bg6 8. axb4 Nxb4 9. Na3 e6 10. c3 Nc6 11. h4 h6 12. h5 Bh7 13. Bd3 Bxd3 14. Qxd3 Nge7 15. Ne2 Nc8 16. Ng3 Be7 17. f4 Nb6 18. f5 Qd7 19. fxe6 Qxe6 20. Nf5 O-O 21. Ra2 Na5 22. Nb5 Nb3 23. Be3 Qd7 24. Rg2 Bg5 25. Bxg5 hxg5 26. h6 g6 27. Nfd6 Kh7 28. Rf2 a6 29. Na3 Qxg4 30. Nc2 Nc1 31. Qe3 Nc4 32. Qxc1 Nxd6 33. Ne3 Qe4 34. Rhf1 Nf5 35. Rf3 g4 36. Rxf5 gxf5 37. Rxf5 Qh1+ 38. Kd2 Qxc1+ 39. Kxc1 Kxh6 40. Nxg4+ Kg6 41. Rf6+ Kg7 42. Ne3 Rfd8 43. Nf5+ Kg8 44. Ne7+ Kf8 45. Nf5 Rac8 46. Rh6 Kg8 47. Ne7+ Kg7 48. Rh1 1-0


[Site "https://www.chess.com"]

[Event "Titled Tuesday Blitz June 27 Early 2023"]
[White "Semenova, Alina"]
[Black "Ernst, Sipke"]
[WhiteFideId "24113875"]
[BlackFideId "1004689"]
[WhiteElo "2068"]
[BlackElo "2642"]
[Result "0-1"]
[Round "9"]
[TimeControl "180+2"]
[Date "2023.06.27"]
[WhiteClock "0:00:12"]
[BlackClock "0:01:45"]
[Board "132"]

1. e4 e5 2. Nf3 Nc6 3. c3 d5 4. Qa4 Bd7 5. exd5 Nd4 6. Qd1 Nxf3+ 7. Qxf3 Bd6 8. Bc4 f5 9. d3 Nf6 10. O-O O-O 11. Bg5 Qe8 12. Re1 Qg6 13. Bxf6 Rxf6 14. a4 f4 15. h3 Qh6 16. Nd2 g5 17. Ne4 Rg6 18. Nxd6 cxd6 19. Rxe5 dxe5 20. d6+ Be6 21. Qxb7 Rf8 22. Bxe6+ Rxe6 23. d7 Rd6 24. Qxa7 Qe6 25. Re1 Qxd7 26. Qc5 Rd5 27. Qc4 Kg7 28. d4 exd4 29. cxd4 Rc8 30. Re7+ Qxe7 31. Qxd5 Rc1+ 32. Kh2 Re1 33. a5 g4 34. a6 g3+ 35. fxg3 fxg3+ 36. Kxg3 Qe3+ 37. Kh2 Qf4+ 38. g3 Qd2+ 39. Qg2 Re2 0-1


[Site "https://www.chess.com"]